AoeStats
← 散步黑鵝

Arena

507756363Analyzed
4v4 RM · 13d ago on Sep 19, 2026· 35m 45s· 8 players
Game mode
Random Map
Map size
Large (8 player)
Population
200
Speed
Normal
Resources
Standard
Victory
Conquest
Starting age
Dark Age
Ending age
Imperial Age
RankedLock teamsTeams togetherTeam positionsShared explorationLock speedFull tech treeHidden civsTurbo modeCheats
Victory
Defeat
🇹🇼 Wei · Taiwan
1950
+11
🇹🇼 Poles · Taiwan
1902
+13
🇹🇼 Persians · Taiwan
1873
+14
🇹🇼 Spanish · Taiwan
1686
+22
🇹🇼 Spanish · Taiwan
2073
-23
🇹🇼 Wei · Taiwan
1854
-16
🇹🇼 Cumans · Taiwan
1754
-12
🇹🇼 Persians · Taiwan
1664
-21
小蜜蜂
2:13 Loom
5:03 Loom
8:53 Feudal Age
9:22 Double-Bit Axe
9:18 Horse Collar
11:37 Wheelbarrow
12:15 Gold Mining
17:32 Castle Age
16:27 Fletching
17:19 Padded Archer Armor
17:37 Bloodlines
18:08 Bodkin Arrow
18:21 Husbandry
21:26 Bloodlines
23:14 Bow Saw
29:50 Fortified Wall
米克斯
8:57 Feudal Age
10:15 Double-Bit Axe
10:58 Horse Collar
15:42 Wheelbarrow
20:17 Castle Age
18:41 Scale Barding Armor
18:44 Loom
19:14 Forging
19:33 Bloodlines
19:27 Gold Mining
21:31 Chain Barding Armor
25:54 Light Cavalry
35:41 Loom
Nezzar
10:40 Feudal Age
11:20 Double-Bit Axe
14:19 Castle Age
12:19 Horse Collar
15:06 Bow Saw
15:37 Wheelbarrow
28:10 Imperial Age
25:58 Hand Cart
25:49 Loom
26:10 Scale Barding Armor
26:45 Gold Mining
26:49 Stone Mining
26:53 Stone Mining
28:14 Stone Shaft Mining
27:29 Town Watch
28:05 Chain Barding Armor
28:52 Guilds
29:45 Two-Man Saw
28:19 Elite War Elephant
30:04 Plate Barding Armor
29:41 Forging
30:32 Conscription
30:57 Heavy Plow
31:01 Husbandry
31:12 Bloodlines
32:19 Iron Casting
32:40 Gold Shaft Mining
34:01 Blast Furnace
34:02 Masonry
35:49 Devotion
散步黑鵝
4:23 Loom
12:31 Feudal Age
16:41 Castle Age
15:07 Horse Collar
15:36 Gold Mining
16:20 Double-Bit Axe
17:45 Bow Saw
23:45 Bloodlines
24:21 Husbandry
24:31 Padded Archer Armor
27:18 Devotion
35:39 Masonry
MaruZenSky
10:49 Feudal Age
10:17 Loom
14:27 Castle Age
12:46 Double-Bit Axe
20:24 Padded Archer Armor
31:42 Leather Archer Armor
32:53 Bow Saw
GKT_Cloud
10:49 Feudal Age
11:47 Horse Collar
14:30 Castle Age
12:33 Double-Bit Axe
15:31 Bow Saw
15:22 Heavy Plow
18:52 Wheelbarrow
19:11 Stone Mining
19:34 Loom
20:05 Gold Mining
23:23 Szlachta Privileges
24:08 Fletching
24:39 Hand Cart
24:34 Husbandry
24:44 Bloodlines
25:11 Scale Barding Armor
25:17 Forging
27:43 Iron Casting
28:20 Town Watch
31:22 Imperial Age
30:44 Chain Barding Armor
31:48 Coinage
32:27 Conscription
31:30 Cavalier
33:22 Blast Furnace
34:18 Banking
35:22 Crop Rotation
[LuB]a61
10:37 Feudal Age
11:30 Double-Bit Axe
14:18 Castle Age
12:02 Horse Collar
15:35 Wheelbarrow
15:19 Bow Saw
20:15 Loom
22:19 Scale Barding Armor
23:41 Husbandry
23:56 Gold Mining
25:01 Bloodlines
26:04 Forging
26:44 Chain Barding Armor
27:34 Loom
28:11 Hand Cart
31:36 Imperial Age
29:49 Gold Shaft Mining
29:22 Stone Mining
30:42 Iron Casting
31:36 Elite War Elephant
33:26 Plate Barding Armor
35:06 Blast Furnace
34:06 Fletching
DemonSheep
8:52 Feudal Age
8:06 Loom
9:12 Loom
10:14 Double-Bit Axe
10:09 Horse Collar
15:23 Wheelbarrow
18:30 Castle Age
16:42 Gold Mining
22:35 Imperial Age
20:48 Bow Saw
21:00 Sanctity
21:17 Heavy Plow
21:39 Fervor
22:25 Town Watch
23:34 Block Printing
24:23 Theocracy
24:37 Illumination
26:03 Crop Rotation
26:21 Theocracy
28:10 Hand Cart
32:07 Pikeman
32:48 Squires
33:12 Halberdier
35:41 Scale Mail Armor
35:51 Forging
Connection lost

Rejoining the realm…

Still unreachable

The connection could not be restored.

Session expired

The server has moved on; the page needs a fresh start.